 Dungeon Crawl Stone Soup version 0.28-b1-70-g80dc712255 (webtiles) character file.

Game seed: 3672166242875756341

105 Prodoman the Magician (level 4, 0/27 (30) HPs)
             Began as a Demonspawn Hedge Wizard on Feb 4, 2022.
             Killed by divine providence
             ... invoked by an orc priest
              (10 damage)
             ... on level 3 of the Dungeon.
             The game lasted 00:23:24 (3047 turns).

Prodoman the Magician (Demonspawn Hedge Wizard)     Turns: 3047, Time: 00:23:25

HP:   0/27 (30)     AC:  3    Str: 10    XL:     4   Next: 54%
MP:   5/10          EV: 12    Int: 17    God:
Gold: 46            SH:  0    Dex: 13    Spells: 11/12 levels left

rFire   + . .      SeeInvis .   k - +1 dagger (drain)
rCold   x . .      Faith    .   (no shield)
rNeg    . . .      Spirit   .   b - +0 robe
rPois   .          Reflect  .   (helmet restricted)
rElec   .          Harm     .   (no cloak)
rCorr   .          Rampage  .   (no gloves)
Will    .....                   (no boots)
Stlth   ++........              (no amulet)
HPRegen 0.09/turn               h - ring of fire
MPRegen 0.12/turn               (no ring)

@: heavily drained
A: horns 1, ignite blood 1, sharp scales 1
a: no special abilities


You were on level 3 of the Dungeon.
You visited 1 branch of the dungeon, and saw 3 of its levels.

You collected 46 gold pieces.

Inventory:

Hand Weapons
 a - a +0 dagger
 e - a +0 flail
 f - a +0 dagger of draining
 k - a +1 dagger of draining (weapon)
Armour
 b - a +0 robe (worn)
 c - a +0 hat
 d - a +0 buckler
 g - a +1 helmet
Jewellery
 h - a ring of fire (left hand)
Scrolls
 i - 3 scrolls of vulnerability
 j - a scroll of teleportation {unknown}


   Skills:
 - Level 1.8 Dodging
 - Level 1.8 Stealth
 * Level 4.9 Spellcasting
 - Level 1.1 Conjurations
 - Level 1.1 Summonings
 - Level 1.0 Translocations


You had 11 spell levels left.
You knew the following spells:

 Your Spells              Type           Power      Damage    Failure   Level
a - Magic Dart            Conj           32%        1d4       9%          1

Your spell library contained the following spells:

 Spells                   Type           Power      Damage    Failure   Level
 Slow                     Hex            16%        N/A       14%         1
 Sting                    Tmut/Pois      16%        1d3       14%         1
 Blink                    Tloc           14%        N/A       14%         2
 Call Imp                 Summ           8%         N/A       14%         2
 Corpse Rot               Necr/Air       8%         N/A       22%         2
 Poisonous Vapours        Pois/Air       8%         N/A       22%         2
 Conjure Flame            Conj/Fire      9%         6-21      34%         3
 Mephitic Cloud           Conj/Pois/Air  5%         N/A       36%         3
 Vampiric Draining        Necr           4%         2d6       41%         3
 Olgreb's Toxic Radiance  Pois           4%         N/A       82%         4
 Death's Door             Necr           2%         N/A       100%        9


Dungeon Overview and Level Annotations

Branches:
Dungeon (3/15)

Altars:
Qazlal

Shops:
D:1 (

Annotations:
D:3 3 runed translucent doors


Innate Abilities, Weirdness & Mutations

You have a pair of small horns on your head.
Your demonic aura sometimes causes spilled blood to erupt in flames.
You are partially covered in razor-sharp scales. (AC +1, Slay +1)


Message History

An orc priest comes into view. It is wielding a +0 club.
Casting: Magic Dart (safe; 9% risk of failure)
Confirm with . or Enter, or press ? or * to list all spells.
Aiming: Magic Dart (safe; 9% risk of failure)
Press: ? - help, Shift-Dir - straight line, f - orc
Aim: an orc, wielding a +4 falchion (100% to hit)
The magic dart hits the orc.
The orc is heavily wounded.
The orc priest shouts!
The adder hisses angrily.
Casting: Magic Dart (safe; 9% risk of failure)
Confirm with . or Enter, or press ? or * to list all spells.
Aiming: Magic Dart (safe; 9% risk of failure)
Press: ? - help, Shift-Dir - straight line, f/p - orc
Aim: an orc, wielding a +4 falchion (heavily wounded, 100% to hit)
The magic dart hits the orc.
The orc is severely wounded.
The orc closely misses you.
Casting: Magic Dart (safe; 9% risk of failure)
Confirm with . or Enter, or press ? or * to list all spells.
Aiming: Magic Dart (safe; 9% risk of failure)
Press: ? - help, Shift-Dir - straight line, f/p - orc
Aim: an orc, wielding a +4 falchion (severely wounded, 100% to hit)
The magic dart hits the orc.
You kill the orc!
A goblin comes into view. It is wielding a +0 club.
Casting: Magic Dart (safe; 9% risk of failure)
Confirm with . or Enter, or press ? or * to list all spells.
Aiming: Magic Dart (safe; 9% risk of failure)
Press: ? - help, Shift-Dir - straight line, f - orc
Aim: an orc, wielding a +0 club (100% to hit)
The magic dart hits the orc.
The orc is moderately wounded.
The goblin shouts!
The orc priest invokes the aid of Beogh against you.
Beogh smites you! The orc barely misses you. The orc hits you with a +0 club.
Unknown command.
The adder bites you.
The orc priest mumbles some strange prayers to Beogh against you.
Beogh smites you!
You die...

#[.......
'........
#######........
#
...............
..
#÷#÷..#######.#
#>............#
#.#####......
#.# #.).# #.#
#..@# #†#
#.#S##
#.#####.#.o#
#.......#o.##
#########.o.#
#.)......#
#.g......#
#........+
#........+


You could see an orc priest, an adder, 2 orcs and a goblin.

Vanquished Creatures
  An iguana (D:3)
  Robin (D:2)
  An adder (D:2)
  5 dart slugs
  An orc (D:3)
  2 ball pythons (D:2)
  2 endoplasms
  A giant cockroach (D:1)
  7 goblins
  10 hobgoblins
  A quokka (D:3)
  2 bats (D:1)
  A frilled lizard (D:2)
  6 kobolds
  6 rats
47 creatures vanquished.

Vanquished Creatures (others)
  10 plants (D:2)
10 creatures vanquished.

Grand Total: 57 creatures vanquished

Notes
Turn   | Place    | Note
-------+----------+-------------------------------------------
     0 | D:1      | Prodoman the Demonspawn Hedge Wizard began the quest for
                  | the Orb.
     0 | D:1      | Reached XP level 1. HP: 13/13 MP: 4/4
    74 | D:1      | Found a faded altar of an unknown god.
   139 | D:1      | Found Ganex's Antique Weapon Boutique.
   189 | D:1      | Reached skill level 1 in Translocations
   291 | D:1      | Gained mutation: You are partially covered in razor-sharp
                  | scales. (AC +1, Slay +1) [demonic ancestry]
   291 | D:1      | Reached XP level 2. HP: 15/19 MP: 6/6
   725 | D:1      | Got the Volume of Flight and Evil Rituals
  1259 | D:2      | Noticed Robin
  1584 | D:2      | Gained mutation: Your demonic aura sometimes causes spilled
                  | blood to erupt in flames. [demonic ancestry]
  1584 | D:2      | Reached XP level 3. HP: 14/24 MP: 2/8
  1586 | D:2      | Reached skill level 4 in Spellcasting
  1602 | D:2      | HP: 1/24 [Robin (1)]
  2096 | D:2      | Killed Robin
  2349 | D:2      | Found a stormy altar of Qazlal.
  2369 | D:2      | Gained mutation: You have a pair of small horns on your
                  | head. [demonic ancestry]
  2369 | D:2      | Reached XP level 4. HP: 30/30 MP: 1/10
  3037 | D:3      | Found a runed translucent gate.
  3037 | D:3      | Found a runed translucent gate.
  3037 | D:3      | Found a runed translucent gate.
  3047 | D:3      | Killed from afar by an orc priest

Illustrated notes

Levels and vault maps discovered:
D:1:      saegor_arrival_simple_c, layout_loops_cross,
          dreamdust_ecumenical_altar_grove, serial_shops, shop,
          chequers_serial_rivers_room_a
D:2:      layout_loops_ring, basic_altar, grunt_ministairs_1,
          chequers_big_river, uniq_crazy_yiuf_cottage, uniq_robin
D:3:      layout_basic, gammafunk_ghost_cemetery

Skill      XL: |  1  2  3 |
---------------+----------+-----
Translocations | 1 |  1.0
Spellcasting   | 4 |  4.9
Dodging        | |  1.8
Stealth        | |  1.8
Conjurations   | |  1.1
Summonings     | |  1.1

Action                   |  1- 3 |  4- 6 || total
-------------------------+-------+-------++-------
Melee: Dagger            |    17 |    18 ||    35
       Flail             |    38 |       ||    38
       Headbutt          |       |     5 ||     5
       Punch             |       |     3 ||     3
 Cast: Magic Dart        |    71 |    22 ||    93
  Use: Scroll            |     2 |     1 ||     3
 Stab: Sleeping          |     3 |       ||     3
Armor: Robe              |    29 |     6 ||    35
Dodge: Dodged            |   102 |    30 ||   132
